 Dungeon Crawl Stone Soup version 0.30.0-29-ga12c61a403 (webtiles) character file.

Game seed: 1516989719807350069

401 Irreverend the Digger (level 6, -8/32 HPs)
             Began as a Gargoyle Earth Elementalist on June 4, 2023.
             Was a Follower of Sif Muna.
             Mangled by a gnoll sergeant
             ... wielding a +0 trident
              (10 damage)
             ... on level 4 of the Dungeon.
             The game lasted 00:06:50 (3224 turns).

Irreverend the Digger (Gargoyle Earth Elementalist) Turns: 3224, Time: 00:06:51

Health: -8/32      AC:  7    Str: 11    XL:     6   Next: 85%
Magic:  11/11      EV: 12    Int: 18    God:    Sif Muna [*.....]
Gold:   264        SH:  0    Dex: 10    Spells: 8/12 levels left

rFire   . . .        w - +2 dagger (venom)
rCold   . . .        (no shield)
rNeg    + . .        a - +0 robe
rPois   ∞            p - +0 helmet
rElec   +            (no cloak)
rCorr   .            (no gloves)
SInv    +            (no boots)
Will    .....        (no amulet)
Stlth   ++           r - ring of see invisible
HPRegen 0.25/turn    (no ring)
MPRegen 0.12/turn

%: no passive effects
@: weak-willed
A: sickness immunity, AC +4, negative energy resistance 1, electricity
resistance, torment resistance 1, petrification resistance
a: Renounce Religion, Channel Magic


You were on level 4 of the Dungeon.
You worshipped Sif Muna.
Sif Muna was aware of your devotion.
You visited 1 branch of the dungeon, and saw 4 of its levels.

You collected 264 gold pieces.

Inventory:

Hand Weapons
 e - a +0 dagger
 w - a +2 dagger of venom (weapon)
Armour
 a - a +0 robe (worn)
 p - a +0 helmet (worn)
Jewellery
 r - a ring of see invisible (left hand)
Wands
 u - a wand of polymorph (1)
Scrolls
 f - 6 scrolls of identify {unknown}
 g - 2 scrolls of fog {unknown}
 h - 4 scrolls of fear {unknown}
 s - a scroll of enchant weapon
 v - a scroll of amnesia {unknown}
Potions
 b - a potion of magic
 c - a potion of haste {unknown}
 d - a potion of heal wounds {unknown}
 i - a potion of cancellation {unknown}
 j - a potion of resistance {unknown}
 l - 3 potions of curing {unknown}
 o - a potion of degeneration {unknown}
 q - a potion of flight {unknown}
 t - 2 potions of lignification {unknown}
 x - a potion of mutation {unknown}


   Skills:
 + Level 3.2 Dodging
 - Level 2.1 Stealth
 + Level 3.6 Spellcasting
 + Level 3.0 Conjurations
 - Level 0.7 Transmutations
 + Level 5.5 Earth Magic


You had 8 spell levels left.
You knew the following spells:

 Your Spells              Type           Power      Damage    Failure   Level
a - Sandblast             Erth           46%        2d11      1%          1
b - Stone Arrow           Conj/Erth      36%        3d9       8%          3

Your spell library contained the following spells:

 Spells                   Type           Power      Damage    Failure   Level
 Magic Dart               Conj           56%        1d5       4%          1
 Passwall                 Tmut/Erth      11%        N/A       6%          2
 Call Imp                 Summ           6%         N/A       22%         2
 Mephitic Cloud           Conj/Pois/Air  7%         N/A       30%         3
 Petrify                  Tmut/Erth      14%        N/A       38%         4


Dungeon Overview and Level Annotations

Branches:
Dungeon (4/15)             Temple (0/1) D:4

Altars:
Ashenzari
Sif Muna
Xom


Innate Abilities, Weirdness & Mutations

You are immune to sickness and miasma.
Your stone body is resilient. (AC +4)
You are immune to poison.
You resist negative energy. (rN+)
You are resistant to electric shocks. (rElec)
You are resistant to unholy torment.
You are immune to petrification.


Message History

The gnoll is no longer moving quickly.
The gnoll sergeant hits you from afar with a +0 trident.
Casting: Stone Arrow (quite dangerous; 8% risk of failure)
Confirm with . or Enter, or press ? or * to list all spells.
Aiming: Stone Arrow (quite dangerous; 8% risk of failure)
Press: ? - help, Shift-Dir - straight line, f - gnoll, p - gnoll sergeant
Aim: a gnoll, wielding a +0 whip and quivering a throwing net (72% to hit)
The gnoll sergeant blocks the stone arrow.
The gnoll sergeant hits you from afar with a +0 trident.
Casting: Stone Arrow (quite dangerous; 8% risk of failure)
Confirm with . or Enter, or press ? or * to list all spells.
Aiming: Stone Arrow (quite dangerous; 8% risk of failure)
Press: ? - help, Shift-Dir - straight line, f/p - gnoll
Aim: a gnoll, wielding a +0 whip and quivering a throwing net (72% to hit)
The stone arrow hits the gnoll sergeant but does no damage.
The gnoll is no longer moving quickly. x2; The gnoll sergeant misses you.
The gnoll sergeant hits you from afar with a +0 trident.
Casting: Stone Arrow (quite dangerous; 8% risk of failure)
Confirm with . or Enter, or press ? or * to list all spells.
Aiming: Sandblast (safe; 1% risk of failure)
Press: ? - help, Shift-Dir - straight line, f/p - gnoll
Aim: a gnoll, wielding a +0 whip and quivering a throwing net (85% to hit)
The blast of sand hits the gnoll sergeant.
The gnoll sergeant is lightly wounded.
The gnoll sergeant hits you from afar with a +0 trident!
* * * LOW HITPOINT WARNING * * *
As you read the scroll labelled KETHEF VEOLYQOUPT, it crumbles to dust.
Magic quickly surges around you.
It was a scroll of vulnerability.
The gnoll sergeant is no longer moving quickly.
The gnoll sergeant barely misses you.
As you read the scroll labelled GIT YSINOOFO, it crumbles to dust.
You feel aware of your surroundings.
It was a scroll of magic mapping.
You feel less invigorated. The gnoll sergeant closely misses you.
This is a scroll of acquirement!
Something appears at your feet! The gnoll sergeant misses you.
As you read the scroll labelled ORIM YGANKUI, it crumbles to dust.
It is a scroll of enchant weapon.
Your +1 dagger of venom glows red for a moment.
The gnoll sergeant hits you from afar with a +0 trident!
You die...

.#...###.....#.....#..#
.........##..#.....#..##
...#....<....#.....#...#
...##........#.....##..#
#......#...#.#.....##..#
#.###..#.#.#.......##..#
..# #######........##..##
.##*♣♣♣♣* ##..#.........#
.# *,...♣* ##.##@#.##...#
##****#..♣♣*###.)#......# #
*,.,#..).♣♣♣##g##..#..###
#**,.g#.♣..).♣♣#g##.......#
#*,,gg'....ggg.gg##.#####.#
#**,.g#..♣!.)♣♣####.# #.#
*,.g#....♣♣♣ ###.# #<#
****#..♣♣*#####...### ###
*,..)♣* ##.........#


You could see a gnoll sergeant (weak-willed) and 3 gnolls.

Vanquished Creatures
  A bullfrog (D:4)
  A scorpion (D:4)
  An orc priest (D:4)
  A sleepcap (D:4)
  10 gnolls
  4 adders
  A worm (D:4)
  3 dart slugs
  9 orcs
  5 ball pythons
  6 endoplasms
  A giant cockroach (D:1)
  6 goblins
  4 hobgoblins
  4 jackals (D:3)
  7 kobolds
  3 quokkas
  3 bats
  6 frilled lizards
  9 rats
85 creatures vanquished.

Notes
Turn   | Place    | Note
-------+----------+-------------------------------------------
     0 | D:1      | Irreverend the Gargoyle Earth Elementalist began the quest
                  | for the Orb.
     0 | D:1      | Reached XP level 1. HP: 10/10 MP: 3/3
   271 | D:1      | Reached XP level 2. HP: 15/15 MP: 3/5
   512 | D:1      | Reached skill level 4 in Earth Magic
   851 | D:2      | Found a shimmering altar of Xom.
   926 | D:2      | Reached XP level 3. HP: 19/19 MP: 3/6
   959 | D:2      | Learned a level 3 spell: Stone Arrow
  1119 | D:2      | Reached skill level 1 in Conjurations
  1119 | D:2      | Reached XP level 4. HP: 6/24 MP: 0/7
  1662 | D:2      | Found a faded altar of an unknown god.
  2156 | D:3      | Found a broken altar of Ashenzari.
  2317 | D:3      | Found a shimmering blue altar of Sif Muna.
  2334 | D:3      | Became a worshipper of Sif Muna the Loreminder
  2442 | D:4      | Noticed a scorpion
  2446 | D:4      | Killed a scorpion
  2447 | D:4      | Reached XP level 5. HP: 26/28 MP: 4/9
  2561 | D:4      | Reached skill level 5 in Earth Magic
  2665 | D:4      | Reached XP level 6. HP: 32/32 MP: 5/10
  2839 | D:4      | Found a staircase to the Ecumenical Temple.
  3110 | D:4      | Reached * piety under Sif Muna
  3220 | D:4      | HP: 1/32 [gnoll sergeant/+0 trident (9)]
  3223 | D:4      | Identified a scroll of acquirement
  3223 | D:4      | Acquired an amulet of reflection
  3224 | D:4      | Mangled by a gnoll sergeant

Illustrated notes

Levels and vault maps discovered:
D:1:      dpeg_arrival_stone_temple_mockup, layout_basic, minmay_tromino_v2
D:2:      layout_rooms, shapermc_ecumenical_altar_mp_highgroup, basic_altar,
          serial_park_tiny_pond, roderic_roman_lattice
D:3:      layout_rooms, led_sif_pool, mainiacjoe_overflow_boulevard
D:4:      layout_basic, minmay_temple_entry_junction,
          pf_guarded_unrand_woodcutter

Skill      XL: |  1  2  3  4  5  6 |
---------------+-------------------+-----
Earth Magic    | 4 5 |  5.5
Dodging        | 2 3 |  3.2
Conjurations   | 1 2 3 |  3.0
Spellcasting   | 3 |  3.6
Stealth        | |  2.1
Transmutations | |  0.7

Action                     |  1- 3 |  4- 6 || total
---------------------------+-------+-------++-------
  Melee: Dagger            |     8 |     7 ||    15
   Cast: Sandblast         |    37 |    93 ||   130
         Stone Arrow       |       |     3 ||     3
 Invoke: Channel Magic     |       |     1 ||     1
  Evoke: Wand              |       |     2 ||     2
    Use: Scroll            |       |     4 ||     4
 Armour: Robe              |     2 |    14 ||    16
  Dodge: Dodged            |    12 |    34 ||    46
